 Dungeon Crawl Stone Soup version 0.30-a0-364-gf6b3ef1049 (webtiles) character file.

Game seed: 3871960347809077701

180756 MrRokkomies the Fencer (level 19, -6/137 HPs)
             Began as a Meteoran Cinder Acolyte on Nov 15, 2022.
             Was a High Priest of Jiyva.
             Mangled by a culicivora (13 damage)
             ... led by a broodmother
             ... on level 3 of the Spider Nest on Nov 16, 2022.
             The game lasted 01:59:50 (17093 turns).

MrRokkomies the Fencer (Meteoran Cinder Acolyte)   Turns: 17093, Time: 01:59:50

Health: -6/137     AC: 15    Str: 16    XL:     19   Next: 27%
Magic:  38/38      EV: 11    Int: 11    God:    Jiyva [*****.]
Gold:   628        SH:  0    Dex: 26    Spells: 21/39 levels left

rFire   + . .      SeeInvis +    a - +10 great sword of Etraxtov {venom, rElec rN+ Int-5}
rCold   + . .      Faith    .    (shield currently unavailable)
rNeg    + . .      Spirit   .    x - +6 scale mail of the Game of Kings {rPois rC++ Dex+4 Stlth+}
rPois   +          Reflect  +    (helmet unavailable)
rElec   +          Harm     .    Q - scarf {repulsion}
rCorr   +          Rampage  +    f - +0 pair of gloves
Will    ++...                    y - +1 pair of boots {rampage}
Stlth   +.........               G - amulet of reflection
HPRegen 1.86/turn                T - ring of Elahih {Fly rPois rC- Dex+3}
MPRegen 0.71/turn                v - ring of protection from fire

@: flying, held, glowing, studying 2 skills, repel missiles
A: sense surroundings 3, otherworldly, glowing, explore regen, antennae 3, high
MP 1, pseudopods 1, translucent skin 1, jelly sensing items, jelly absorbing
missiles
}: 1/15 runes: decaying
a: Renounce Religion, Oozemancy, Slimify


You were on level 3 of the Spider Nest.
You worshipped Jiyva.
Jiyva was extremely pleased with you.
You visited 6 branches of the dungeon, and saw 34 of its levels.
You also visited: Bailey and Ice Cave.

You collected 2146 gold pieces.
You spent 1518 gold pieces at shops.

Inventory:

Hand Weapons
 a - the +10 great sword of Etraxtov (weapon) {venom, rElec rN+ Int-5}
   (You bought it in a shop on level 2 of the Orcish Mines)

   It poisons the flesh of those it strikes.
   Int:       It affects your intelligence (-5).
   rElec:     It insulates you from electricity.
   rN:        It protects you from negative energy.
 b - a +2 scimitar of flaming
 l - a +2 shortbow of freezing
 u - a +2 triple sword of holy wrath
 S - a +3 great sword of freezing
Missiles
 g - 29 poisoned darts (quivered)
 m - 3 throwing nets
 E - 11 curare-tipped darts
Armour
 f - a +0 pair of gloves (worn)
 w - a +0 helmet
 x - the +6 scale mail of the Game of Kings (worn) {rPois rC++ Dex+4 Stlth+}
   (You found it on level 2 of the Lair of Beasts)

   Dex:       It affects your dexterity (+4).
   rC:        It greatly protects you from cold.
   rPois:     It protects you from poison.
   Stlth:     It makes you more stealthy.
 y - a +1 pair of boots of rampaging (worn)
 A - the +4 skin of Zhor {*Englaciate rC+++ SInv}
   (You found it in an ice cave)

   It radiates cold, occasionally slowing all nearby creatures who are not
   resistant to cold.
   rC:        It renders you almost immune to cold.
   SInv:      It lets you see invisible.
 C - a scarf of shadows
 Q - a scarf of repulsion (worn)
Magical Staves
 j - a staff of air
Jewellery
 i - a ring of ice
 n - a ring of wizardry
 t - an amulet of magic regeneration
 v - a ring of protection from fire (right hand)
 G - an amulet of reflection (around neck)
 O - a +4 ring of evasion
 T - the ring of Elahih (left hand) {Fly rPois rC- Dex+3}
   (You acquired it in an ice cave)

   [ring of flight]

   Dex:       It affects your dexterity (+3).
   rC:        It makes you vulnerable to cold.
   rPois:     It protects you from poison.
   Fly:       It grants you flight.
Wands
 d - a wand of flame (6)
 B - a wand of iceblast (27)
 F - a wand of charming (23)
 M - a wand of acid (11)
 N - a wand of mindburst (4)
 R - a wand of polymorph (2)
Scrolls
 o - 4 scrolls of magic mapping
 q - 5 scrolls of teleportation
 r - a scroll of poison
 z - a scroll of summoning
 L - 5 scrolls of amnesia
 U - 2 scrolls of fear
 V - a scroll of silence
 W - a scroll of identify
Potions
 c - 3 potions of heal wounds
 e - 5 potions of lignification
 h - 2 potions of brilliance
 k - 3 potions of attraction
 p - 4 potions of flight
 s - 4 potions of might
 D - 2 potions of berserk rage
 H - 3 potions of curing
 I - 2 potions of magic
 J - 3 potions of mutation
 K - a potion of resistance
Miscellaneous
 P - a lightning rod (4/4)


   Skills:
 - Level 15.0 Fighting
 - Level 20.0 Long Blades
 - Level 10.2 Armour
 + Level 15.4 Dodging
 + Level 10.8 Spellcasting
 * Level 10.9 Conjurations
 * Level 13.6 Fire Magic
 - Level 10.2 Evocations


You had 21 spell levels left.
You knew the following spells:

 Your Spells              Type           Power      Damage    Failure   Level
a - Scorch                Fire           72%        2d9       1%          2
b - Flame Wave            Conj/Fire      33%        2d10      1%          4
c - Starburst             Conj/Fire      16%        6d6       32%         6
d - Ignite Poison         Fire/Tmut/Pois 16%        N/A       16%         3
e - Kindle Blastsparks    Fire/Tloc/Air  32%        2d12      16%         3

Your spell library contained the following spells:

 Spells                   Type           Power      Damage    Failure   Level
 Magic Dart               Conj           100%       1d8       1%          1
 Kiss of Death            Conj/Necr      72%        2d10      3%          1
 Shock                    Conj/Air       72%        1d7       3%          1
 Static Discharge         Conj/Air       36%        2-4/arc   5%          2
 Mephitic Cloud           Conj/Pois/Air  14%        N/A       22%         3
 Beastly Appendage        Tmut           10%        N/A       32%         1
 Call Imp                 Summ           5%         N/A       45%         2
 Cigotuvi's Dreadful Rot  Necr/Pois/Air  10%        N/A       45%         2
 Passwall                 Tmut/Erth      4%         N/A       45%         2
 Poisonous Vapours        Pois/Air       10%        N/A       45%         2
 Wereblood                Tmut           5%         N/A       45%         2
 Arcjolt                  Conj/Air       9%         1d19      67%         5
 Lightning Bolt           Conj/Air       9%         1d21      67%         5
 Portal Projectile        Hex/Tloc       10%        N/A       69%         3
 Spider Form              Tmut/Pois      5%         N/A       69%         3
 Tukima's Dance           Hex            5%         N/A       69%         3
 Vhi's Electric Charge    Tloc/Air       10%        N/A       69%         3
 Freezing Cloud           Conj/Ice/Air   7%         6-21      90%         5
 Leda's Liquefaction      Hex/Erth       2%         N/A       97%         4
 Blade Hands              Tmut           2%         N/A       100%        5
 Lee's Rapid Deconstruct  Erth           2%         3d5*      100%        5
 Summon Forest            Summ/Tloc      2%         N/A       100%        5
 Summon Mana Viper        Hex/Summ       5%         N/A       100%        5
 Yara's Violent Unravell  Hex/Tmut       2%         3d3       100%        5
 Statue Form              Tmut/Erth      3%         N/A       100%        6
 Summon Cactus Giant      Summ           2%         N/A       100%        6
 Enfeeble                 Hex            2%         N/A       100%        7
 Ignition                 Fire           18%        3d7       100%        8
 Lehudib's Crystal Spear  Conj/Erth      9%         10d4      100%        8
 Maxwell's Capacitive Co  Air            2%         ∞         100%        8
 Necromutation            Tmut/Necr      2%         N/A       100%        8
 Chain Lightning          Conj/Air       9%         3d12      100%        9


Dungeon Overview and Level Annotations

Branches:
Dungeon (15/15) Zot: 170   Temple (0/1) D:4            Lair (5/5) D:11 Zot: 159
  Swamp (4/4) Lair:2 Zot: 523  Spider (3/4) Lair:2 Zot: 471   Slime (5/5) Lair:4 Zot: 2858
    Orc (2/2) D:12 Zot: 236     Elf (0/3) Orc:2        Vaults (0/5) D:14
 Depths (0/4) D:15         Bailey (visited)           IceCv (visited)

Altars:
Ashenzari
Cheibriados
Elyvilon
Gozag
Kikubaaqudgha
Qazlal
Ru
Sif Muna
Vehumet
Zin
Jiyva

Shops:
D:5 ?   D:13 *   D:14 *[[   Orc:2 *?[(((

Annotations:
D:8 1 runed translucent door
Lair:5 2 runed translucent doors
Spider:3 2 transporters, confidenceinterval's ghost, adept GrHW
Slime:5 Royal Jelly


Innate Abilities, Weirdness & Mutations

You passively map a large area around you.
You are easily found by Zot.
You glow in the dark.
You regain HP and MP as you explore.
You have a pair of large antennae on your head. (SInv)
You have an increased reservoir of magic. (+10% MP)
Armour fits poorly on your pseudopods.
Your translucent skin slightly reduces your foes' accuracy. (Stealth+)
You have a small jelly attached to you that senses nearby items.
You have a small jelly attached to you that may absorb projectiles.


Message History

The tarantella touches you!
You are confused.
The broodmother bites your acid blob!!!
The broodmother is burned by acid!
The jumping spider pounces on you but does no damage.
The jumping spider completely misses you.
The culicivora bites you!
The culicivora draws strength from your injuries!
You feel better. The jumping spider closely misses you.
The jumping spider bites you. The culicivora barely misses you.
The broodmother bites your acid blob!!
The broodmother is burned by acid!
The tarantella touches you but does no damage.
Your acid blob spits acid at the broodmother.
The splash of acid hits the broodmother!!
The moth of wrath goads the tarantella on!
The tarantella goes berserk!
The jumping spider pounces on you. You block the jumping spider's attack.
The culicivora bites you but does no damage.
The broodmother bites your acid blob!!!
Your acid blob dies!
Your acid blob dissolves into a puddle of slime!
The tarantella misses you.
The broodmother's many legs skitter.
You slash the broodmother!
The broodmother looks as sick as possible!
The broodmother is severely wounded.
The jumping spider pounces on you!
* * * LOW HITPOINT WARNING * * *
You are caught in a web!
The jumping spider barely misses you. The culicivora bites you.
* * * LOW HITPOINT WARNING * * *
The culicivora draws strength from your injuries!
The tarantella touches you but does no damage.
The broodmother bites you!
* * * LOW HITPOINT WARNING * * *
The jumping spider pounces on you!
* * * LOW HITPOINT WARNING * * *
You are even more entangled.
The jumping spider bites you but does no damage.
The culicivora bites you!
You die...

* #.....#.......... *,
,,......#......#....#..#.
* .
.....#.........#....## ..
....#............### ..
........#.†.....^# ,#.
...............### , #..
.y...#...#......# *
#..#s##...........## *
##ss@.....†.....###
*#^.ss......>....#
#.####...#.#.....# #
##.........## ##........#
###.....## #.......#
##......## #......##


You could see a broodmother (berserk, extremely poisoned, corroded), a moth of
wrath, a culicivora (berserk), 2 jumping spiders and a tarantella (summoned,
berserk).

Vanquished Creatures
  2 acid blobs
  Frances (D:13)
  A thorn hunter (Swamp:4)
  An emperor scorpion (Spider:1)
  A frost giant (IceCv)
  An ironbound preserver (D:13)
  2 broodmothers (Spider:2)
  3 eleionomae
  A bunyip (Swamp:3)
  Snorg (D:12)
  3 entropy weavers (Spider:2)
  2 vault guards (Bailey)
  A shambling mangrove (Swamp:4)
  Harold (Orc:1)
  A rakshasa (D:12)
  23 hydras
  4 ogre magi (Orc:2)
  A catoblepas (Lair:2)
  A death knight (D:13)
  5 centaur warriors
  10 two-headed ogres
  3 boulder beetles
  3 tengu warriors
  13 death yaks
  11 alligators
  Urug (D:13)
  A storm dragon zombie (D:15)
  Sonja (D:11)
  12 skeletal warriors
  3 pharaoh ants
  6 goliath frogs
  2 sun moths (Spider:2)
  4 spriggan druids
  2 orb spiders
  9 swamp dragons
  A golden dragon skeleton (D:15)
  2 steelbarb worms (Spider:1)
  2 bog bodies
  A flayed ghost (D:15)
  A phantasmal warrior (D:13)
  3 deep elf pyromancers
  6 wolf spiders
  A lindwurm (Lair:5)
  A necromancer (D:15)
  A manticore (D:13)
  A mana viper (shapeshifter) (D:13)
  A moth of wrath (Spider:2)
  2 will-o-the-wisps
  8 ugly things
  10 black mambas
  6 cyclopes
  An ice statue (IceCv)
  Maurice (D:9)
  10 elephants
  2 molten gargoyles (Lair:5)
  2 torpor snails (Spider:1)
  2 gargoyles
  A demonic crawler (Spider:1)
  A spriggan zombie (D:15)
  A water nymph (shapeshifter) (D:15)
  12 cane toads
  5 rime drakes
  2 unseen horrors
  3 kobold demonologists (D:9)
  A tengu conjurer (D:14)
  9 komodo dragons
  3 freezing wraiths
  2 efreet
  2 ice devils (Lair:3)
  5 trolls
  A tarantella (shapeshifter) (D:12)
  A wind drake (shapeshifter) (D:12)
  Prince Ribbit (D:7)
  3 meliai (D:15)
  8 polar bears
  18 tarantellas
  10 blink frogs
  An ettin zombie (D:15)
  A slime creature (D:7)
  12 tyrant leeches
  5 hornets
  16 jumping spiders
  2 wyverns (Lair:5)
  7 culicivoras
  2 wraiths
  29 yaks
  4 spriggans
  A shadow (D:12)
  17 fire elementals
  4 humans (Bailey)
  8 basilisks
  2 water elementals (D:13)
  35 redbacks
  Grum (D:9)
  4 steam dragons
  12 vampire mosquitoes
  12 swamp worms
  Edmund (D:5)
  An acid dragon (D:13)
  16 water moccasins
  5 hell hounds (Lair:5)
  9 swamp drakes
  3 black bears
  2 ice beasts
  11 orc warriors
  31 ogres
  37 wolves
  9 centaurs
  2 phantoms (D:12)
  25 bullfrogs
  A gnoll sergeant (D:6)
  6 kobold brigands
  7 wights
  2 troll zombies (D:12)
  9 killer bees (D:10)
  A jelly (D:6)
  3 electric eels (D:13)
  9 howler monkeys
  4 lava snakes (Lair:5)
  A hound (D:7)
  3 gnoll boudas
  14 orc priests
  Terence (D:3)
  3 iguanas
  17 orc wizards
  4 ogre zombies (D:12)
  20 gnolls
  9 adders
  A shadow imp (D:7)
  A white imp (D:7)
  3 worms
  62 orcs
  6 bats
  6 endoplasms
  2 giant cockroaches
  8 goblins
  7 hobgoblins
  3 training dummies (Orc:2)
  8 ball pythons
  3 frilled lizards
  5 hobgoblin zombies (D:12)
  38 kobolds
  4 orc skeletons (D:12)
  10 orc zombies (D:12)
  5 rats
904 creatures vanquished.

Vanquished Creatures (collateral kills)
  A broodmother (Spider:3)
  2 hydras (Swamp:3)
  An alligator (Swamp:3)
  A sun moth (Spider:3)
  A steelbarb worm (Spider:3)
  An orb spider (Spider:1)
  A cyclops (D:13)
  A redback (Spider:3)
  2 centaurs (D:13)
11 creatures vanquished.

Vanquished Creatures (others)
  An orb spider (shapeshifter) (D:14)
  A wolf spider (Spider:3)
  A slime creature (Swamp:4)
  A swamp worm (Swamp:3)
  A water moccasin (Lair:5)
  A swamp drake (Swamp:4)
  A centaur (D:12)
  A bullfrog (Bailey)
  35 jellies
  An orc wizard (Orc:1)
  An orc (Orc:2)
  42 foxfires
  16 fungi
  16 plants
  A withered plant (D:15)
120 creatures vanquished.

Grand Total: 1035 creatures vanquished

Notes
Turn   | Place    | Note
-------+----------+-------------------------------------------
     0 | D:1      | MrRokkomies the Meteoran Cinder Acolyte began the quest for
                  | the Orb.
     0 | D:1      | Reached XP level 1. HP: 19/19 MP: 3/3
    26 | D:1      | Found a faded altar of an unknown god.
    70 | D:1      | Reached XP level 2. HP: 25/26 MP: 5/5
    89 | D:1      | Learned a level 2 spell: Scorch
   286 | D:1      | Reached skill level 4 in Long Blades
   298 | D:1      | Reached XP level 3. HP: 17/31 MP: 6/6
   412 | D:2      | You fall into a shaft and drop 1 floor!
   426 | D:3      | Reached skill level 1 in Dodging
   527 | D:2      | Reached XP level 4. HP: 38/40 MP: 7/7
  1360 | D:3      | Noticed Terence
  1372 | D:3      | Reached XP level 5. HP: 37/46 MP: 8/8
  1373 | D:3      | Killed Terence
  1438 | D:3      | Found a snail-covered altar of Cheibriados.
  1438 | D:3      | Found a white marble altar of Elyvilon.
  1439 | D:3      | Found a shimmering blue altar of Sif Muna.
  1538 | D:4      | Noticed a black bear
  1547 | D:4      | Killed a black bear
  1548 | D:4      | Reached skill level 5 in Fighting
  1548 | D:4      | Reached skill level 5 in Long Blades
  1548 | D:4      | Reached XP level 6. HP: 48/56 MP: 9/9
  1856 | D:4      | Found a staircase to the Ecumenical Temple.
  2105 | D:5      | Entered Level 5 of the Dungeon
  2118 | D:5      | Reached XP level 7. HP: 58/61 MP: 10/10
  2126 | D:5      | Found Kuebuthra's Magic Scroll Shop.
  2200 | D:5      | Reached skill level 6 in Long Blades
  2200 | D:5      | Reached skill level 5 in Fire Magic
  2320 | D:5      | Noticed Edmund
  2327 | D:5      | Killed Edmund
  2328 | D:5      | Reached XP level 8. HP: 68/70 MP: 11/11
  2366 | D:5      | Identified the +1 ring mail of the Loofah {Harm Rampage
                  | +Blink rF- rN+++ Str-2}
  2519 | D:5      | Reached skill level 7 in Long Blades
  2874 | D:6      | HP: 3/71 [wight/+0 great sword (3)]
  2929 | D:6      | Reached skill level 1 in Armour
  2975 | D:6      | Gained mutation: You passively map the area around you.
                  | [Meteoran growth]
  2975 | D:6      | Reached XP level 9. HP: 53/79 MP: 12/12
  3003 | D:6      | Reached skill level 5 in Dodging
  3238 | D:7      | Noticed a slime creature
  3246 | D:7      | Killed a slime creature
  3301 | D:7      | Reached XP level 10. HP: 36/91 MP: 13/13
  3337 | D:7      | Found an ancient bone altar of Kikubaaqudgha.
  3488 | D:7      | Found a broken altar of Ashenzari.
  3523 | D:7      | Noticed Prince Ribbit
  3534 | D:7      | Killed Prince Ribbit
  3535 | D:7      | Reached skill level 5 in Armour
  3734 | D:7      | Found a glowing silver altar of Zin.
  3770 | D:8      | Got the Vellum of Shadows and the Arsonist
  3778 | D:8      | Learned a level 4 spell: Flame Wave
  3816 | D:8      | Reached skill level 10 in Fighting
  3879 | D:8      | Found a flagged portal.
  3887 | Bailey   | Entered a bailey
  3951 | Bailey   | Reached skill level 8 in Long Blades
  4012 | Bailey   | Noticed a vault guard
  4030 | Bailey   | Killed a vault guard
  4031 | Bailey   | Reached XP level 11. HP: 55/99 MP: 4/14
  4063 | Bailey   | Noticed a vault guard
  4076 | Bailey   | Killed a vault guard
  4077 | Bailey   | Reached skill level 9 in Long Blades
  4125 | D:8      | Found a runed translucent door.
  4700 | D:9      | Noticed Maurice
  4713 | D:9      | Killed Maurice
  4769 | D:9      | Noticed Grum
  4789 | D:9      | Killed Grum
  4799 | D:9      | Reached skill level 10 in Long Blades
  4847 | D:9      | Found a radiant altar of Vehumet.
  4848 | D:9      | Found a stormy altar of Qazlal.
  4855 | D:9      | Found a sacrificial altar of Ru.
  4891 | D:9      | Noticed a soul eater
  5270 | D:10     | Entered Level 10 of the Dungeon
  5477 | D:10     | Reached XP level 12. HP: 90/106 MP: 15/15
  5614 | D:10     | Reached skill level 11 in Long Blades
  5854 | D:11     | Got Huirphus's Octavo of the Overcast Rocks
  5941 | D:11     | Noticed a death yak
  5941 | D:11     | Noticed a death yak
  5943 | D:11     | Noticed a death yak
  5957 | D:11     | Noticed Sonja
  6011 | D:11     | Killed Sonja
  6130 | D:11     | Reached skill level 10 in Fire Magic
  6191 | D:11     | Reached skill level 1 in Evocations
  6239 | D:11     | Noticed a death yak
  6241 | D:11     | Noticed a death yak
  6253 | D:11     | Killed a death yak
  6261 | D:11     | Killed a death yak
  6263 | D:11     | Killed a death yak
  6264 | D:11     | Reached skill level 12 in Long Blades
  6264 | D:11     | Reached skill level 5 in Spellcasting
  6271 | D:11     | Killed a death yak
  6272 | D:11     | Reached skill level 10 in Dodging
  6282 | D:11     | Killed a death yak
  6287 | D:11     | Found a staircase to the Lair.
  6301 | Lair:1   | Entered Level 1 of the Lair of Beasts
  6395 | Lair:1   | Noticed a death yak
  6405 | Lair:1   | Noticed a death yak
  6406 | Lair:1   | Noticed a death yak
  6410 | Lair:1   | Killed a death yak
  6410 | Lair:1   | Noticed a death yak
  6411 | Lair:1   | Reached XP level 13. HP: 75/113 MP: 23/23
  6412 | Lair:1   | Noticed a death yak
  6419 | Lair:1   | Killed a death yak
  6431 | Lair:1   | Killed a death yak
  6433 | Lair:1   | Killed a death yak
  6438 | Lair:1   | Killed a death yak
  6439 | Lair:1   | Reached skill level 13 in Long Blades
  6833 | D:5      | Bought a scroll of acquirement for 520 gold pieces
  6833 | D:5      | Acquired a +2 triple sword of holy wrath
  7166 | Lair:2   | Reached skill level 5 in Evocations
  7232 | Lair:2   | Noticed an eight-headed hydra
  7240 | Lair:2   | Killed a six-headed hydra
  7421 | Lair:2   | Noticed a catoblepas
  7451 | Lair:2   | Killed a catoblepas
  7452 | Lair:2   | Reached skill level 14 in Long Blades
  7531 | Lair:2   | Identified the +6 scale mail of the Game of Kings {rPois
                  | rC++ Dex+4 Stlth+}
  7676 | Lair:3   | Reached XP level 14. HP: 59/121 MP: 28/28
  7693 | Lair:3   | Found a frozen archway.
  7701 | IceCv    | Entered an ice cave
  7757 | IceCv    | Reached skill level 10 in Spellcasting
  7775 | IceCv    | Reached skill level 1 in Conjurations
  7933 | IceCv    | Found the +4 skin of Zhor {*Englaciate rC+++ SInv}
  8037 | IceCv    | Reached skill level 15 in Long Blades
  8044 | IceCv    | Noticed a frost giant
  8053 | IceCv    | Killed a frost giant
  8086 | IceCv    | Acquired the ring of Elahih {Fly rPois rC- Dex+3}
  8306 | Lair:3   | Reached skill level 5 in Conjurations
  8801 | Lair:4   | Reached skill level 16 in Long Blades
  8914 | Lair:4   | Found a runed translucent door.
  8916 | Lair:4   | Found a staircase to the Slime Pits.
  8916 | Lair:4   | Noticed an acid blob
  8929 | Lair:4   | Killed an acid blob
  8930 | Lair:4   | Reached XP level 15. HP: 66/126 MP: 30/30
  8946 | Slime:1  | Entered Level 1 of the Pits of Slime
  8946 | Slime:1  | Noticed an acid blob
  8957 | Slime:2  | Killed an acid blob
  8969 | Slime:3  | Noticed an acid blob
  8972 | Slime:3  | Noticed a rockslime
  8979 | Slime:5  | Entered Level 5 of the Pits of Slime
  8983 | Slime:5  | Noticed an acid blob
  8984 | Slime:5  | Noticed an acid blob
  8993 | Slime:5  | Noticed an acid blob
  8996 | Slime:5  | Noticed a rockslime
  8998 | Slime:5  | Noticed an acid blob
  9000 | Slime:5  | Noticed an acid blob
  9003 | Slime:5  | Found a viscous altar of Jiyva.
  9011 | Slime:5  | Fell from the grace of Ignis
  9011 | Slime:5  | Became a worshipper of Jiyva Jawos the Shapeless
  9047 | Slime:5  | Noticed an acid blob
  9054 | Slime:5  | Noticed the Royal Jelly
  9209 | Lair:5   | Entered Level 5 of the Lair of Beasts
  9240 | Lair:5   | Reached * piety under Jiyva
  9879 | Lair:5   | Found a large runed translucent door.
  9880 | Lair:5   | Found a large runed translucent door.
 10289 | D:12     | Found a staircase to the Orcish Mines.
 10303 | D:12     | Reached skill level 17 in Long Blades
 10496 | Orc:1    | Entered Level 1 of the Orcish Mines
 10496 | Orc:1    | Noticed Snorg
 10497 | Orc:1    | Noticed Harold
 10508 | D:12     | Killed Snorg
 10536 | Orc:1    | Killed Harold
 10612 | Orc:1    | Reached ** piety under Jiyva
 10797 | Orc:2    | Entered Level 2 of the Orcish Mines
 10878 | Orc:2    | Found a staircase to the Elven Halls.
 10951 | Orc:2    | Found Zeyha's Firing Range.
 10973 | Orc:2    | Paralysed by an ogre mage for 5 turns
 11071 | Orc:1    | Reached XP level 16. HP: 96/139 MP: 31/31
 11150 | Orc:2    | Reached skill level 10 in Evocations
 11300 | Orc:2    | Found Soularuesm's Antique Armour Boutique.
 11300 | Orc:2    | Found Soizi's Assorted Antiques.
 11308 | Orc:2    | Found Kowoaheh's Magic Scroll Boutique.
 11308 | Orc:2    | Found Arentex's Antique Weapon Emporium.
 11314 | Orc:2    | Bought a pair of glowing boots for 180 gold pieces
 11314 | Orc:2    | Bought an inky potion for 21 gold pieces
 11314 | Orc:2    | Bought a potion of curing for 72 gold pieces
 11325 | Orc:2    | Bought a runed scarf for 184 gold pieces
 11326 | Orc:2    | Bought an ichor-stained great sword for 379 gold pieces
 11326 | Orc:2    | Identified the +10 great sword of Etraxtov {venom, rElec
                  | rN+ Int-5} (You bought it in a shop on level 2 of the
                  | Orcish Mines)
 11328 | Orc:2    | Bought a scroll of summoning for 114 gold pieces
 11328 | Orc:2    | Bought a scroll of identify for 24 gold pieces
 11328 | Orc:2    | Bought a scroll of identify for 24 gold pieces
 11414 | Orc:2    | Found Kuqu's Weapon Shop.
 11492 | Orc:2    | Was forgiven by Ignis
 11592 | D:13     | Reached *** piety under Jiyva
 11613 | D:13     | Gained mutation: Your flesh is cold resistant. (rC+)
                  | [Jiyva's grace]
 11613 | D:13     | Gained mutation: Your flesh is very cold resistant. (rC++)
                  | [Jiyva's grace]
 11613 | D:13     | Gained mutation: Your flesh is almost immune to the effects
                  | of cold. (rC+++) [Jiyva's grace]
 11613 | D:13     | Gained mutation: You have a small jelly attached to you
                  | that may absorb projectiles. [Jiyva's grace]
 11617 | D:13     | Noticed Frances
 11617 | D:13     | Noticed Urug
 11625 | D:13     | Killed Frances
 11628 | D:13     | Reached skill level 18 in Long Blades
 11662 | D:13     | Killed Urug
 11866 | D:13     | Identified the +2 pair of boots of Untold Secrets {Harm Fly
                  | Dex-4 Stlth+}
 11921 | D:13     | Found Illabex's Assorted Antiques.
 12067 | D:14     | Found Giblirucw's Armour Boutique.
 12087 | D:14     | Identified the +11 long sword of Capital Punishment
                  | {vorpal, rN+ Int+4 Stlth-}
 12211 | D:14     | Got the Papyrus of the Pyromaniac and Striking
 12239 | D:14     | Found Semycs's Armour Emporium.
 12434 | D:14     | Found a sacrificial altar of Ru.
 12564 | D:14     | Found a gate to the Vaults.
 12567 | D:14     | Reached **** piety under Jiyva
 12612 | D:14     | Found Adweq's General Store.
 12764 | D:15     | Entered Level 15 of the Dungeon
 12831 | D:15     | Reached XP level 17. HP: 135/150 MP: 32/32
 12886 | D:15     | Lost mutation: Your flesh is almost immune to the effects
                  | of cold. (rC+++) [Jiyva's grace]
 12886 | D:15     | Lost mutation: You have a small jelly attached to you that
                  | may absorb projectiles. [Jiyva's grace]
 12886 | D:15     | Gained mutation: You have an increased reservoir of magic.
                  | (+10% MP) [Jiyva's grace]
 12886 | D:15     | Gained mutation: You have a considerably increased
                  | reservoir of magic. (+20% MP) [Jiyva's grace]
 12886 | D:15     | Gained mutation: You have a greatly increased reservoir of
                  | magic. (+30% MP) [Jiyva's grace]
 12886 | D:15     | Gained mutation: Your translucent skin slightly reduces
                  | your foes' accuracy. (Stealth+) [Jiyva's grace]
 12924 | D:15     | Reached ***** piety under Jiyva
 12928 | D:15     | Found an opulent altar of Gozag.
 13170 | D:15     | Found a staircase to the Depths.
 13178 | D:15     | Reached skill level 19 in Long Blades
 13534 | Lair:1   | Glimpsed the power of Zot.
 13584 | Lair:2   | Glimpsed the power of Zot.
 13605 | Lair:2   | Found a staircase to the Swamp.
 13612 | Swamp:1  | Entered Level 1 of the Swamp
 14100 | Swamp:2  | Reached skill level 10 in Armour
 14114 | Swamp:3  | Noticed Bai Suzhen
 14125 | Swamp:3  | Slimified Bai Suzhen
 14125 | Swamp:3  | Bai Suzhen changed into Bai Suzhen the acid blob
 14125 | Swamp:3  | Noticed Bai Suzhen
 14180 | Swamp:3  | Reached skill level 15 in Dodging
 14187 | Swamp:3  | Learned a level 6 spell: Starburst
 14547 | Swamp:4  | Entered Level 4 of the Swamp
 14618 | Swamp:4  | Lost mutation: Your flesh is very cold resistant. (rC++)
                  | [Jiyva's grace]
 14618 | Swamp:4  | Lost mutation: Your flesh is cold resistant. (rC+) [Jiyva's
                  | grace]
 14618 | Swamp:4  | Lost mutation: You have a greatly increased reservoir of
                  | magic. (+30% MP) [Jiyva's grace]
 14618 | Swamp:4  | Gained mutation: You have a small jelly attached to you
                  | that may absorb projectiles. [Jiyva's grace]
 14618 | Swamp:4  | Gained mutation: Armour fits poorly on your pseudopods.
                  | [Jiyva's grace]
 14618 | Swamp:4  | Gained mutation: Armour fits poorly on your large
                  | pseudopods. [Jiyva's grace]
 14618 | Swamp:4  | Gained mutation: Armour fits poorly on your massive
                  | pseudopods. [Jiyva's grace]
 14739 | Swamp:4  | Gained mutation: You passively map a large area around you.
                  | [Meteoran growth]
 14739 | Swamp:4  | Reached XP level 18. HP: 125/161 MP: 39/39
 14888 | Swamp:4  | Noticed a thorn hunter
 14974 | Swamp:4  | Killed a thorn hunter
 15010 | Swamp:4  | Reached skill level 15 in Fighting
 15026 | Swamp:4  | Got a decaying rune of Zot
 15113 | Swamp:2  | Reached skill level 20 in Long Blades
 15631 | Lair:2   | Glimpsed the power of Zot.
 15641 | Lair:2   | Touched by the power of Zot.
 15664 | Lair:2   | Reached ****** piety under Jiyva
 15676 | Lair:2   | Found a hole to the Spider Nest.
 15686 | Spider:1 | Entered Level 1 of the Spider Nest
 15779 | Spider:1 | Learned a level 3 spell: Ignite Poison
 15783 | Spider:1 | Learned a level 3 spell: Kindle Blastsparks
 16346 | Spider:2 | Lost mutation: You have a considerably increased reservoir
                  | of magic. (+20% MP) [Jiyva's grace]
 16346 | Spider:2 | Lost mutation: Armour fits poorly on your massive
                  | pseudopods. [Jiyva's grace]
 16346 | Spider:2 | Lost mutation: Armour fits poorly on your large pseudopods.
                  | [Jiyva's grace]
 16346 | Spider:2 | Gained mutation: You have a small jelly attached to you
                  | that senses nearby items. [Jiyva's grace]
 16346 | Spider:2 | Gained mutation: You have a pair of small antennae on your
                  | head. [Jiyva's grace]
 16346 | Spider:2 | Gained mutation: You have a pair of antennae on your head.
                  | [Jiyva's grace]
 16346 | Spider:2 | Gained mutation: You have a pair of large antennae on your
                  | head. (SInv) [Jiyva's grace]
 16397 | Spider:2 | Reached skill level 10 in Conjurations
 16535 | Spider:2 | Reached XP level 19. HP: 137/137 MP: 37/37
 16634 | Spider:3 | Found a transporter.
 16647 | Spider:3 | Noticed Arachne
 16648 | Spider:3 | Noticed Louise
 16761 | Spider:2 | Slimified Arachne
 16761 | Spider:2 | Arachne changed into Arachne the azure jelly
 16761 | Spider:2 | Noticed Arachne
 16778 | Spider:2 | Slimified Louise
 16778 | Spider:2 | Louise changed into Louise the azure jelly
 16778 | Spider:2 | Noticed Louise
 16900 | Spider:3 | Noticed confidenceinterval's ghost (adept GrHW)
 16902 | Spider:3 | Found a transporter.
 16904 | Spider:3 | Noticed Asterion
 16909 | Spider:3 | Slimified Asterion
 16909 | Spider:3 | Asterion changed into Asterion the acid blob
 16909 | Spider:3 | Noticed Asterion
 17093 | Spider:3 | Mangled by a culicivora

Illustrated notes

Levels and vault maps discovered:
D:1:      lightli_arrival_quake, layout_rooms, chequers_ecumenical_altar_island
D:2:      minmay_spotlight, layout_loops_ring
D:3:      layout_loops_corners, gammafunk_temple_overflow_claw, uniq_ijyb,
          uniq_terence
D:4:      layout_basic, minmay_temple_entry_trees,
          chequers_serial_rivers_micro_c
D:5:      black_bear_nest_1, layout_rooms, serial_shops, kennysheep_mini,
          uniq_edmund
D:6:      layout_basic
D:7:      layout_cave_pools, general_overflow_altar, zin_treasury,
          evilmike_ruin_ashenzari, amcnicky_mini_rare_corridor_liquid,
          minmay_manual_moon, uniq_prince_ribbit1
D:8:      layout_layer_cave, ebering_ghost_reflecting_pool, enter_bailey_8
D:9:      layout_gridville, grunt_temple_overflow_open, uniq_grum, uniq_maurice
D:10:     layout_irregular_city, nicolae_hepliaklqana_hippocampus
D:11:     layout_roguey, dpeg_lair_monsters, uniq_sonja
D:12:     layout_loops_ring, zombieorc1_lemuel
D:13:     layout_basic, serial_glass, glass_columns_c, glass_columns_a,
          serial_shops, nicolae_shop_overgrown_old_shop, uniq_urug, uniq_frances
D:14:     layout_long_grid, skrybe_vaults_entry_preservation,
          nicolae_ru_path_of_blood, serial_shops,
          nicolae_shop_temple_entry_statues_fountains, shop,
          nicolae_shop_temple_entry_statues_fountains
D:15:     gammafunk_depths_entry_grave, layout_gridville,
          small_statue_intersection,
          nicolae_gozag_cash_rules_everything_around_me
Lair:1:   layout_misc_corridors, infiniplex_staircase_pool_2
Lair:2:   nzn_winding_woodlands_stair_trap [nzn_winding_woodlands_5x15_twine,
          nzn_winding_woodlands_5x15_default,
          nzn_winding_woodlands_5x15_concentric,
          nzn_winding_woodlands_15x15_boxy_spiral,
          nzn_winding_woodlands_5x15_split_checker,
          nzn_winding_woodlands_5x15_river_crossing,
          nzn_winding_woodlands_5x15_pool], layout_regular_city,
          palyth_hydra_swamp_entry, spider_nest_entry_rubble
Lair:3:   layout_chaotic_city, portal_ice_cave_demonic_guard
Lair:4:   layout_gridlike, slime_entry_2, chequers_serial_rivers_small_a,
          serial_bayou_shore_a, grunt_megastairs_2, serial_bayou_shore_b
Lair:5:   cheibrodos_lair_end_hotspot, layout_gridlike
Swamp:1:  layout_falls_marsh, nicolae_swamp_some_circles, swamp_pool3
Swamp:2:  layout_basic_swamp, serial_swamp_ruin, evilmike_swamp_ruin_house_1,
          evilmike_swamp_ruin_rubble_1, infiniplex_staircase_pool
Swamp:3:  layout_basic_swamp, nicolae_swamp_stair_fork, uniq_bai_suzhen
Swamp:4:  swamp, layout_basic_swamp
Spider:1: layout_cave_pods
Spider:2: layout_spider_delve, hangedman_spider_tarantella_strand
Spider:3: layout_spider_delve, gammafunk_ghost_arena,
          nicolae_spider_cling_halls, uniq_arachne, uniq_louise, uniq_asterion
Slime:1:  layout_caves, special_room [special_room_jelly]
Slime:2:  layout_caves
Slime:3:  layout_caves
Slime:4:  layout_caves
Slime:5
Orc:1:    layout_caves, uniq_harold, uniq_snorg
Orc:2:    st_orc_ogre_mass, layout_caves, serial_shops, shop,
          nicolae_shop_firing_range

Skill      XL: |  1  2  3  4  5  6  7  8  9 10 11 12 13 14 15 16 17 18 |
---------------+-------------------------------------------------------+-----
Long Blades    | 4 5 6 7 8 10 12 14 16 17 18 19 20 | 20.0
Dodging        | 1 2 3 4 6 8 9 10 11 12 13 14 15 | 15.4
Fire Magic     | 4 5 7 9 10 13 | 13.6
Fighting       | 4 5 6 7 9 10 11 13 14 15 | 15.0
Armour         | 2 4 6 8 9 10 | 10.2
Spellcasting   | 6 9 10 | 10.8
Evocations     | 3 6 8 9 10 | 10.2
Conjurations   | 5 6 10 | 10.9

Action                   |  1- 3 |  4- 6 |  7- 9 | 10-12 | 13-15 | 16-18 | 19-21 || total
-------------------------+-------+-------+-------+-------+-------+-------+-------++-------
Melee: Falchion          |    77 |    27 |       |   134 |    12 |    18 |       ||   268
       Flail             |       |    82 |   161 |     5 |       |       |       ||   248
       Punch             |       |     1 |     2 |     2 |       |     2 |       ||     7
       Great sword       |       |       |       |   267 |  1042 |   947 |   129 ||  2385
       Scimitar          |       |       |       |       |       |    82 |       ||    82
       Pseudopods        |       |       |       |       |       |   136 |    41 ||   177
Throw: Dart              |     3 |     5 |     7 |    43 |    33 |    23 |    11 ||   125
 Cast: Scorch            |       |       |       |    29 |    30 |       |       ||    59
       Flame Wave        |       |       |       |       |     1 |     2 |       ||     3
Invok: Fiery Armour      |       |       |     2 |     6 |     2 |       |       ||    10
       Foxfire Swarm     |       |       |       |     2 |       |       |       ||     2
       Oozemancy         |       |       |       |       |       |     1 |       ||     1
       Slimify           |       |       |       |       |       |     2 |     3 ||     5
Evoke: Wand              |       |       |       |    22 |    17 |    10 |       ||    49
       Lightning rod     |       |       |       |       |       |     4 |       ||     4
  Use: Scroll            |     3 |     5 |     4 |    11 |    11 |    12 |       ||    46
       Potion            |       |       |     5 |     6 |     6 |       |     1 ||    18
 Stab: Petrified         |       |       |       |       |     4 |       |       ||     4
       Petrifying        |       |       |       |       |     1 |       |       ||     1
       Confused          |       |       |       |       |       |     1 |       ||     1
       Distracted        |       |       |       |       |       |     2 |       ||     2
Armor: Robe              |    50 |    35 |    16 |       |       |       |       ||   101
       Ring mail         |       |       |    89 |   208 |    34 |       |       ||   331
       Skin              |       |       |       |    17 |       |       |       ||    17
       Scale mail        |       |       |       |       |    86 |   256 |    54 ||   396
       Animal skin       |       |       |       |       |   121 |    28 |       ||   149
Dodge: Dodged            |    47 |    54 |   124 |   282 |   780 |   993 |   144 ||  2424
       Repelled          |       |       |       |       |       |    20 |     2 ||    22
Block: Other             |       |       |       |   136 |   214 |   236 |    42 ||   628
       Reflection        |       |       |       |     5 |       |    11 |       ||    16

Table legend: (Time is in decaauts)
 A = Elapsed time spent in this place.
 B = Non-inter-level travel time spent in this place.
 C = Inter-level travel time spent in this place.
 D = Time resting spent in this place.
 E = Time spent auto-exploring this place.
 F = Levels seen in this place.
 G = Mean time per level.
                   A        B        C        D        E       F      G
               +--------+--------+--------+--------+--------+-----+--------+
         Total |  16856 |  15155 |   1701 |    700 |   8106 |  36 |  468.2 |
       Dungeon |   8829 |   8028 |    801 |    414 |   4919 |  15 |  588.6 |
          Lair |   3040 |   2506 |    534 |     81 |   1187 |   5 |  608.0 |
         Swamp |   1876 |   1687 |    189 |     35 |    875 |   4 |  469.0 |
   Spider Nest |   1328 |   1223 |    105 |    102 |    560 |   3 |  442.7 |
    Slime Pits |    141 |    111 |     30 |     26 |      0 |   5 |   28.2 |
  Orcish Mines |    963 |    923 |     40 |     42 |    503 |   2 |  481.5 |
        Bailey |    215 |    215 |      0 |      0 |      2 |   1 |  215.0 |
      Ice Cave |    461 |    461 |      0 |      0 |     59 |   1 |  461.0 |
               +--------+--------+--------+--------+--------+-----+--------+

Top non-repeatable levels by time:
  Lair:5: 763 daAuts
     D:8: 730 daAuts
    D:14: 689 daAuts
     D:5: 678 daAuts
  Lair:1: 677 daAuts
  Lair:2: 664 daAuts
     D:3: 640 daAuts
     D:4: 631 daAuts
    D:11: 629 daAuts
     D:9: 617 daAuts
Spider:1: 609 daAuts
     D:7: 607 daAuts
   Orc:2: 607 daAuts
    D:15: 603 daAuts
    D:10: 601 daAuts
